 Dungeon Crawl Stone Soup version 0.28-a0-1152-g9c71ebef14 (webtiles) character file.

Game seed: 7808192561841709060

966 siradein the Chiller (level 7, -2/48 (52) HPs)
             Began as a White Draconian Ice Elementalist on Dec 15, 2021.
             Was an Initiate of Yredelemnul.
             Slain by a wight (20 damage)
             ... on level 4 of the Dungeon.
             The game lasted 00:30:08 (5052 turns).

siradein the Chiller (DrIE)                         Turns: 5052, Time: 00:30:09

HP:   -2/48 (52)    AC:  6    Str: 11    XL:     7   Next: 93%
MP:   13/13         EV: 12    Int: 17    God:    Yredelemnul [......]
Gold: 75            SH:  3    Dex: 11    Spells: 3/14 levels left

rFire   . . .      SeeInvis .   d - +0 rapier
rCold   + . .      Faith    +   o - +0 buckler
rNeg    . . .      Spirit   .   (armour unavailable)
rPois   .          Reflect  .   (helmet restricted)
rElec   .          Harm     .   (no cloak)
rCorr   .          Rampage  .   (no gloves)
Will    .....                   (no boots)
Stlth   ++........              l - amulet of faith
HPRegen 0.16/turn               (no ring)
MPRegen 0.13/turn               (no ring)

@: short of breath, drained
A: breathe frost, AC +6, unfitting armour, cold resistance 1, cold-blooded
a: Breathe Frost, Renounce Religion, Recall Undead Harvest


You were on level 4 of the Dungeon.
You worshipped Yredelemnul.
Yredelemnul was noncommittal.
You visited 2 branches of the dungeon, and saw 6 of its levels.

You collected 156 gold pieces.
You spent 81 gold pieces at shops.

Inventory:

Hand Weapons
 d - a +0 rapier (weapon)
 r - a +1 vampiric dagger
Armour
 o - a +0 buckler (worn)
Magical Staves
 q - a staff of earth
Jewellery
 g - a ring of resist corrosion
 l - an amulet of faith (around neck)
Wands
 n - a wand of flame (30)
Scrolls
 c - a scroll of silence
 i - 2 scrolls of summoning {unknown}
 j - a scroll of fog {unknown}
 k - 2 scrolls of teleportation {unknown}
 m - 4 scrolls of fear {unknown}
 t - a scroll of amnesia {unknown}
Potions
 a - a potion of lignification {unknown}
 b - a potion of invisibility
 f - a potion of flight
 h - a potion of resistance
 p - a potion of magic {unknown}
 s - a potion of brilliance {unknown}
 u - a potion of heal wounds {unknown}


   Skills:
 + Level 1.4 Fighting
 + Level 0.9 Staves
 + Level 3.9 Dodging
 - Level 4.0 Stealth
 + Level 1.4 Shields
 + Level 4.1 Spellcasting
 + Level 1.4 Conjurations
 + Level 6.9 Ice Magic
 + Level 2.5 Invocations
 + Level 1.4 Evocations


You had 3 spell levels left.
You knew the following spells:

 Your Spells              Type           Power      Damage    Failure   Level
a - Freeze                Ice            100%       1d11      1%          1
b - Frozen Ramparts       Ice            52%        1d7       3%          3
c - Ozocubu's Armour      Ice            26%        N/A       3%          3
d - Hailstorm             Conj/Ice       17%        3d6       36%         4

Your spell library contained the following spells:

 Spells                   Type           Power      Damage    Failure   Level
 Slow                     Hex            12%        N/A       22%         1
 Confusing Touch          Hex            3%         N/A       54%         3
 Vampiric Draining        Necr           3%         2d6       54%         3


Dungeon Overview and Level Annotations

Branches:
Dungeon (5/15)             Temple (1/1) D:5

Altars:
Ashenzari
Cheibriados
Dithmenos
Elyvilon
Gozag
Hepliaklqana
Kikubaaqudgha
Makhleb
Nemelex Xobeh
Okawaru
Qazlal
Sif Muna
Trog
Uskayaw
Vehumet
Wu Jian
Xom
Yredelemnul
Zin

Shops:
D:1 (   D:2 (   D:3 [


Innate Abilities, Weirdness & Mutations

You can breathe waves of freezing cold which knock back foes.
Your icy white scales are hard. (AC +6)
You cannot fit into any form of body armour.
Your flesh is cold resistant. (rC+)
You are cold-blooded and may be slowed by cold attacks.


Message History

The wight is moderately damaged.
You block the wight's attack.
You barely miss the wight.
The wight is moderately damaged.
The wight barely misses you.
You hit the wight.
The wight is moderately damaged.
The wight barely misses you.
The wight hits you with a +2 great sword.
You feel drained.
You hit the wight.
The wight is heavily damaged.
The wight hits you with a +2 great sword!
You feel drained.
You are too injured to fight recklessly!
You are too injured to fight recklessly!
You are too injured to fight recklessly!
Your icy armour will break if you move.
Continue?
Your icy armour cracks and falls away as you move.
There is a stone staircase leading down here.
You see here a +0 morningstar.
Aiming: Breathe Frost (5% risk of failure)
Press: ? - help, Shift-Dir - straight line, f/p - wight
Aim: a wight, wielding a +2 great sword and wearing a +0 robe (heavily damaged)
You exhale a wave of freezing cold.
The freezing breath hits the wight.
The wight resists.
The wight is severely damaged.
The wight is blown backwards by the freezing wind.
You climb downwards.
The orc shouts!
You hear a shout!
An orc comes into view. It is wielding a +0 whip.
The orc shouts! x2
There is a stone staircase leading up here.
The orc hits you with a +0 mace.
You climb upwards.
You block the wight's attack.
There is a stone staircase leading down here.
You see here a +0 morningstar.
The wight hits you with a +2 great sword!!
You die...
Your body rises from the dead as a mindless zombie.

)♣♣ ♣♣♣ZZ♣♣ ##.# ..♣
♣♣♣ZZ♣♣♣ ##..#
ZZ♣♣♣Z.♣♣♣ ##..##
♣..ZZ♣♣♣ ###...#
♣♣♣♣♣♣ #.....#
#######.##..#
##########........#..#
...........#####.##..#
#####...########@##..#
........Z.......z#...#
##......########.#)#.#
##..............)).#.#
##.................#.#
#####..............#.#
+....................#
#####..............###
# ###............#


You could see a wight.

Vanquished Creatures
  2 sky beasts (D:5)
  An ogre (D:4)
  A scorpion (D:5)
  3 hounds
  A jelly (D:4)
  A gnoll shaman (D:4)
  An iguana (D:5)
  An orc wizard (D:4)
  3 gnolls (D:4)
  A howler monkey skeleton (D:5)
  8 adders
  A white imp (D:5)
  An adder skeleton (D:4)
  2 dart slugs
  9 orcs
  5 bats
  7 endoplasms
  7 giant cockroaches
  10 goblins
  5 hobgoblins
  11 jackals
  11 kobolds
  3 quokkas
  11 ball pythons
  7 frilled lizards
  7 rats
120 creatures vanquished.

Vanquished Creatures (collateral kills)
  A black bear (D:4)
  A wight (D:5)
  A bullfrog zombie (D:3)
  A gnoll (D:4)
  A worm (D:3)
5 creatures vanquished.

Vanquished Creatures (others)
  An iguana zombie (D:5)
  A spectral white imp (D:5)
  An adder zombie (D:4)
  2 goblin zombies (D:4)
  2 orc zombies (D:4)
  A spectral endoplasm (D:4)
  A fungus (D:1)
  A plant (D:3)
10 creatures vanquished.

Grand Total: 135 creatures vanquished

Notes
Turn   | Place    | Note
-------+----------+-------------------------------------------
     0 | D:1      | siradein the Draconian Ice Elementalist began the quest for
                  | the Orb.
     0 | D:1      | Reached XP level 1. HP: 14/14 MP: 3/3
   110 | D:1      | Found a faded altar of an unknown god.
   235 | D:1      | Reached XP level 2. HP: 17/20 MP: 0/5
   702 | D:1      | Found Obattaomn's Weapon Boutique.
   845 | D:1      | Reached XP level 3. HP: 26/26 MP: 4/6
  1048 | D:1      | Learned a level 3 spell: Frozen Ramparts
  1673 | D:2      | Reached XP level 4. HP: 33/33 MP: 0/7
  1678 | D:2      | Learned a level 3 spell: Ozocubu's Armour
  1770 | D:2      | Found Kiustraegu's Antique Weapon Shoppe.
  2350 | D:3      | Found a radiant altar of Vehumet.
  2398 | D:3      | You fall into a shaft and drop 2 floors!
  2398 | D:5      | Entered Level 5 of the Dungeon
  2398 | D:5      | Noticed a sky beast
  2410 | D:5      | Killed a sky beast
  2411 | D:5      | Reached XP level 5. HP: 24/38 MP: 1/9
  2493 | D:5      | Reached skill level 5 in Ice Magic
  2493 | D:5      | Reached XP level 6. HP: 36/45 MP: 5/10
  2561 | D:5      | Found a staircase to the Ecumenical Temple.
  2572 | Temple   | Entered the Ecumenical Temple
  2816 | Temple   | Became a worshipper of Yredelemnul the Dark
  3406 | D:4      | Reached * piety under Yredelemnul
  3411 | D:4      | Reached skill level 1 in Invocations
  3693 | D:3      | Found Peb Lukitupp's Antique Armour Shoppe.
  3748 | D:3      | Bought a buckler for 81 gold pieces
  3824 | D:3      | Your scales start taking on an icy white colour.
  3824 | D:3      | Reached skill level 6 in Ice Magic
  3824 | D:3      | Reached XP level 7. HP: 46/50 MP: 12/12
  3824 | D:3      | Gained mutation: Your flesh is cold resistant. (rC+) [White
                  | Draconian growth]
  3829 | D:3      | Learned a level 4 spell: Hailstorm
  3853 | D:3      | Reached ** piety under Yredelemnul
  4401 | D:4      | Reached skill level 1 in Shields
  4502 | D:5      | Reached skill level 1 in Fighting
  4526 | D:5      | Reached skill level 1 in Conjurations
  4526 | D:5      | Reached skill level 1 in Evocations
  5052 | D:4      | Slain by a wight

Illustrated notes

Levels and vault maps discovered:
D:1:      saegor_arrival_simple_a, layout_loops_ring, serial_shops, shop_statue,
          shapermc_ecumenical_altar_acropolis, minmay_pentomino_z4
D:2:      minmay_spotlight, layout_basic, serial_shops, shop
D:3:      layout_rooms, nicolae_vehumet_altar_sigil, serial_shops, shop,
          guppyfry_early_lair_pool
D:4:      kb_forest_paths, layout_basic, minmay_box_of_dots
D:5:      layout_loops_cross, minmay_temple_entry_glassed_door,
          kennysheep_generic_room_14
Temple:   dpeg_five_rooms_temple

Skill      XL: |  1  2  3  4  5  6  7 |
---------------+----------------------+-----
Stealth        | 2 3 4 |  4.0
Dodging        | 2 3 |  3.9
Spellcasting   | 3 4 |  4.1
Ice Magic      | 5 6 |  6.9
Invocations    | 1 2 |  2.5
Shields        | 1 |  1.4
Fighting       | 1 |  1.4
Conjurations   | 1 |  1.4
Evocations     | 1 |  1.4
Staves         | |  0.9

Action                   |  1- 3 |  4- 6 |  7- 9 || total
-------------------------+-------+-------+-------++-------
Melee: Unarmed           |    16 |     6 |       ||    22
       Tailslap          |     1 |     4 |     6 ||    11
       Dagger            |       |    30 |    47 ||    77
       Rapier            |       |       |    10 ||    10
 Cast: Freeze            |    79 |    69 |    16 ||   164
       Frozen Ramparts   |       |     6 |     9 ||    15
       Ozocubu's Armour  |       |       |     4 ||     4
 Abil: Breathe Frost     |       |       |     4 ||     4
  Use: Scroll            |       |       |     6 ||     6
 Stab: Sleeping          |     1 |     1 |       ||     2
Armor: Skin              |    27 |    33 |    20 ||    80
Dodge: Dodged            |    61 |    50 |    36 ||   147
Block: Buckler           |       |       |     9 ||     9

Table legend: (Time is in decaauts)
 A = Elapsed time spent in this place.
 B = Non-inter-level travel time spent in this place.
 C = Inter-level travel time spent in this place.
 D = Time resting spent in this place.
 E = Time spent auto-exploring this place.
 F = Levels seen in this place.
 G = Mean time per level.
                   A        B        C        D        E       F      G
               +--------+--------+--------+--------+--------+-----+--------+
         Total |   5048 |   4953 |     95 |      2 |   3790 |   6 |  841.3 |
       Dungeon |   4768 |   4673 |     95 |      2 |   3589 |   5 |  953.6 |
        Temple |    279 |    279 |      0 |      0 |    201 |   1 |  279.0 |
               +--------+--------+--------+--------+--------+-----+--------+

Top non-repeatable levels by time:
     D:1: 1361 daAuts
     D:4: 1280 daAuts
     D:3: 739 daAuts
     D:5: 710 daAuts
     D:2: 676 daAuts
  Temple: 279 daAuts
